 Dungeon Crawl Stone Soup version 0.28-a0-1080-g05a166d0ed (webtiles) character file.

Game seed: 2895325444641510432

8602 Gentlefood the Swashbuckler (level 11, -1/69 HPs)
             Began as a Kobold Berserker on Dec 10, 2021.
             Was an Elder of Trog.
             Slain by a red devil (21 damage)
             ... on level 10 of the Dungeon.
             The game lasted 00:32:09 (9013 turns).

Gentlefood the Swashbuckler (Kobold Berserker)      Turns: 9013, Time: 00:32:09

Health: -1/69      AC:  4    Str: 16    XL:     11   Next: 58%
Magic:  11/11      EV: 16    Int:  9    God:    Trog [****..]
Gold:   384        SH: 13    Dex: 17    Spells: 10/10 levels left

rFire   . . .      SeeInvis .   d - +6 rapier (venom)
rCold   + . .      Faith    .   w - +2 buckler
rNeg    . . .      Spirit   .   p - +0 troll leather armour {Pargi}
rPois   .          Reflect  +   (no helmet)
rElec   .          Harm     .   (no cloak)
rCorr   .          Rampage  .   (no gloves)
Will    .....                   (no boots)
Stlth   +++++.....              m - amulet of reflection
HPRegen 1.01/turn               h - ring of protection from cold
MPRegen 0.12/turn               u - ring of flight

@: lethally poisoned (-1 -> -12), spiked, flying
A: small, no large weapons, nightstalker 3
a: Renounce Religion, Berserk, Trog's Hand, Brothers in Arms


You were on level 10 of the Dungeon.
You worshipped Trog.
Trog was greatly pleased with you.
You visited 1 branch of the dungeon, and saw 10 of its levels.
You also visited: Sewer.

You collected 582 gold pieces.
You spent 198 gold pieces at shops.

Inventory:

Hand Weapons
 a - a +0 short sword
 d - a +6 rapier of venom (weapon)
 l - a +2 whip of electrocution
Armour
 b - a +0 animal skin
 g - a +1 ring mail
 p - a +0 troll leather armour (worn) {Pargi}
 w - a +2 buckler (worn)
Jewellery
 h - a ring of protection from cold (left hand)
 m - an amulet of reflection (around neck)
 s - a +6 ring of intelligence
 u - a ring of flight (right hand)
 v - a ring of protection from fire
Wands
 o - a wand of flame (13)
 y - a wand of iceblast (13)
 A - a wand of mindburst (15)
 D - a wand of paralysis (4)
Scrolls
 E - a scroll of teleportation
Potions
 c - 4 potions of brilliance
 e - a potion of cancellation
 f - a potion of mutation {unknown}
 i - 3 potions of curing {unknown}
 j - 2 potions of flight
 k - 3 potions of berserk rage
 n - 2 potions of attraction
 r - a potion of experience {unknown}
 t - a potion of heal wounds
 x - a potion of magic {unknown}
 z - a potion of ambrosia {unknown}
 B - 2 potions of lignification {unknown}
Miscellaneous
 C - a box of beasts


   Skills:
 * Level 8.9 Fighting
 * Level 15.1 Short Blades
 + Level 3.7 Armour
 + Level 5.3 Dodging
 + Level 10.6 Stealth
 + Level 3.9 Shields


You had 10 spell levels left.
You didn't know any spells.
Your spell library was empty.

Dungeon Overview and Level Annotations

Branches:
Dungeon (10/15)            Temple (0/1) D:6            Lair (0/6) D:8
  Sewer (visited)
    Orc: D:9-12

Altars:
Cheibriados
Dithmenos
Fedhas
Okawaru
Ru
Vehumet
The Shining One

Shops:
D:7 [   D:9 [

Annotations:
D:7 exclusion: statue


Innate Abilities, Weirdness & Mutations

You are small and have problems with some larger weapons.
You are completely attuned to the shadows.


Message History

You are more poisoned.
You hit the red devil.
The red devil is moderately wounded.
You feel very sick.
You hit the red devil but do no damage.
The red devil looks as sick as possible!
The red devil is heavily wounded.
You feel very sick. The red devil misses you.
You hit the red devil.
The red devil looks as sick as possible!
The red devil is heavily wounded.
You feel very sick.
You hit the red devil but do no damage.
The red devil is heavily wounded.
You feel sick. The red devil barely misses you.
You barely miss the red devil.
The red devil is heavily wounded.
You feel sick.
You barely miss the red devil.
The red devil is heavily wounded.
You feel sick.
The red devil hits you with a +2 trident of venom!
Barbed spikes become lodged in your body.
You are more poisoned.
You closely miss the red devil.
The red devil is severely wounded.
You feel very sick.
You hit the red devil.
The red devil is almost dead.
You feel very sick. The red devil completely misses you.
You hit the red devil but do no damage.
The red devil is almost dead.
You feel very sick.
You hit the red devil.
The red devil is almost dead.
You feel very sick.
The red devil hits you with a +2 trident of venom!!
You die...

#...## .##..##.[##..
#.#†# .............
#.#.# .............
#.#.## ##..##[:##..
#.#..####....####...
#†#.................
#...................
###.................
#@................
#.4...........<...
########...###....
##...###....
#...........
#...........
#.......>...
#....<......
#...........


You could see a red devil (extremely poisoned).

Vanquished Creatures
  A tengu warrior (D:9)
  The ghost of Umoon2 the Shield-Bearer, a novice DsGl (D:8)
  Urug (D:10)
  Joseph (D:7)
  An elephant (D:8)
  2 orange demons (D:10)
  A troll (D:10)
  Grinder (D:3)
  3 wyverns
  3 yaks (D:10)
  A basilisk (D:8)
  An acid dragon (D:9)
  A black bear (D:8)
  2 ice beasts
  Pargi (Sewer)
  4 sky beasts
  A necrophage (D:5)
  2 orc warriors
  3 ogres
  5 centaurs
  A phantom (D:6)
  3 bullfrogs
  5 scorpions
  22 killer bees
  A howler monkey (D:9)
  3 jellies
  The ghost of garrulousMonolith the Digger, a weakling GrEE (D:3)
  A crimson imp (D:6)
  A bullfrog zombie (D:7)
  A hound (D:4)
  2 centaur zombies (D:6)
  2 bullfrog skeletons (D:3)
  2 orc priests
  2 centaur skeletons (D:7)
  A gnoll shaman (D:5)
  An iguana (D:6)
  2 orc wizards
  A killer bee zombie (D:3)
  2 howler monkey zombies
  16 gnolls
  A howler monkey skeleton (D:6)
  5 adders
  A shadow imp (D:7)
  2 white imps (D:6)
  An adder zombie (D:4)
  2 worms
  6 dart slugs
  25 orcs
  5 endoplasms
  6 goblins
  8 hobgoblins
  5 jackals
  9 kobolds
  3 quokkas
  9 ball pythons
  11 bats
  A frilled lizard (D:1)
  3 goblin zombies (D:6)
  A hobgoblin zombie (D:6)
  A kobold skeleton (D:6)
  2 kobold zombies (D:6)
  An orc skeleton (D:6)
  7 rats
221 creatures vanquished.

Vanquished Creatures (others)
  2 plants (D:8)
2 creatures vanquished.

Grand Total: 223 creatures vanquished

Notes
Turn   | Place    | Note
-------+----------+-------------------------------------------
     0 | D:1      | Gentlefood the Kobold Berserker began the quest for the
                  | Orb.
     0 | D:1      | Reached XP level 1. HP: 14/14 MP: 1/1
    68 | D:1      | Reached XP level 2. HP: 10/19 MP: 2/2
   549 | D:1      | Reached XP level 3. HP: 24/24 MP: 3/3
   868 | D:1      | Reached ** piety under Trog
  1110 | D:2      | Reached skill level 5 in Short Blades
  1110 | D:2      | Reached XP level 4. HP: 22/29 MP: 4/4
  1113 | D:2      | Reached skill level 1 in Stealth
  1388 | D:2      | Reached XP level 5. HP: 33/33 MP: 5/5
  2621 | D:3      | Identified a scroll of acquirement
  2621 | D:3      | Acquired a +5 rapier of venom
  2658 | D:3      | Noticed Grinder
  2669 | D:3      | Killed Grinder
  2670 | D:3      | Reached skill level 6 in Short Blades
  2670 | D:3      | Reached XP level 6. HP: 25/40 MP: 6/6
  2732 | D:3      | Found a transporter.
  2733 | D:3      | Noticed garrulousMonolith's ghost (weakling GrEE)
  2867 | D:3      | Found a glowing drain.
  2867 | D:3      | You fall into a shaft and drop 1 floor!
  3023 | D:3      | Reached XP level 7. HP: 40/44 MP: 7/7
  3027 | Sewer    | Entered a sewer
  3030 | Sewer    | Noticed Pargi
  3032 | Sewer    | Killed Pargi
  3033 | Sewer    | Reached skill level 5 in Fighting
  3033 | Sewer    | Reached skill level 7 in Short Blades
  3453 | D:3      | Found a transporter.
  3498 | D:3      | Killed garrulousMonolith's ghost
  3677 | D:4      | Reached skill level 5 in Stealth
  3945 | D:5      | Entered Level 5 of the Dungeon
  3953 | D:5      | Reached skill level 8 in Short Blades
  3953 | D:5      | Reached XP level 8. HP: 49/49 MP: 8/8
  4050 | D:5      | Reached *** piety under Trog
  4100 | D:5      | Found an iron altar of Okawaru.
  4232 | D:5      | Reached skill level 9 in Short Blades
  4232 | D:5      | Reached skill level 1 in Shields
  4517 | D:5      | Reached XP level 9. HP: 48/55 MP: 9/9
  4530 | D:5      | Reached skill level 10 in Short Blades
  4752 | D:6      | Found a glowing golden altar of the Shining One.
  4952 | D:6      | Found a staircase to the Ecumenical Temple.
  4977 | D:6      | Reached skill level 11 in Short Blades
  5510 | D:6      | Found a snail-covered altar of Cheibriados.
  5512 | D:6      | Found a shadowy altar of Dithmenos.
  5826 | D:7      | Reached skill level 12 in Short Blades
  5900 | D:7      | Found Mumpaecw's Armour Boutique.
  5905 | D:7      | Bought a +2 buckler for 198 gold pieces
  5921 | D:7      | Noticed Joseph
  5936 | D:7      | Killed Joseph
  5937 | D:7      | Reached XP level 10. HP: 63/63 MP: 10/10
  6115 | D:7      | Found a sand-covered staircase.
  6392 | D:7      | Found a radiant altar of Vehumet.
  6626 | D:8      | Reached **** piety under Trog
  6702 | D:8      | Noticed a manticore
  6756 | D:8      | Found a blossoming altar of Fedhas.
  6756 | D:8      | Found a sacrificial altar of Ru.
  6797 | D:8      | Reached skill level 13 in Short Blades
  6826 | D:8      | Found a runed translucent gate.
  6826 | D:8      | Found a runed translucent gate.
  6826 | D:8      | Noticed Umoon2's ghost (novice DsGl)
  6827 | D:8      | Found a runed translucent gate.
  6844 | D:8      | Killed Umoon2's ghost
  6947 | D:8      | Noticed an elephant
  6963 | D:8      | Killed an elephant
  6993 | D:8      | Reached skill level 5 in Dodging
  7002 | D:8      | Found a staircase to the Lair.
  7689 | D:9      | Reached skill level 14 in Short Blades
  7689 | D:9      | Reached XP level 11. HP: 49/68 MP: 11/11
  7764 | D:9      | Noticed a tengu warrior
  7769 | D:9      | Killed a tengu warrior
  8046 | D:9      | Found Xeicruc's Armour Emporium.
  8232 | D:9      | Reached skill level 10 in Stealth
  8353 | D:10     | Entered Level 10 of the Dungeon
  8772 | D:10     | Noticed Urug
  8775 | D:10     | Killed Urug
  8865 | D:10     | Reached skill level 15 in Short Blades
  9013 | D:10     | Slain by a red devil

Illustrated notes

Levels and vault maps discovered:
D:1:      dpeg_arrival_simpleton_a, layout_basic, minmay_pentomino_s2
D:2:      layout_basic
D:3:      layout_loops_cross, gammafunk_ghost_mausoleum,
          cheibrodos_sewer_entry_drain, uniq_grinder
D:4:      layout_rooms, st_stairs_4
D:5:      layout_rooms, okawaru_gym_becter, nrook_uturn, minmay_misc_feat_roman,
          grunt_decor_resistance
D:6:      layout_gridville, nicolae_tso_besieged_by_evil,
          chequers_temple_overflow_statue_of_worship, minmay_temple_entry_wispy,
          minmay_circle_x
D:7:      layout_cave_pools, vehumet_statue, serial_shops, shop,
          nicolae_ossuary_entry_false_entrances, uniq_joseph
D:8:      layout_loops_ring, gammafunk_temple_overflow_statue,
          david_lair_generic, ebering_ghost_rock_garden,
          onia_ninara_dug_in_and_dangerous
D:9:      layout_roguey, serial_shops, shop, lemuel_another_geyser
D:10:     layout_gridville, minmay_beelzebubs_servants, uniq_urug

Skill      XL: |  1  2  3  4  5  6  7  8  9 10 11 |
---------------+----------------------------------+-----
Fighting       | 4 5 6 7 8 |  8.9
Short Blades   | 5 6 8 9 12 14 15 | 15.1
Stealth        | 1 3 5 6 7 9 10 | 10.6
Armour         | 2 3 |  3.7
Dodging        | 3 4 5 |  5.3
Shields        | 1 3 |  3.9

Action                   |  1- 3 |  4- 6 |  7- 9 | 10-12 || total
-------------------------+-------+-------+-------+-------++-------
Melee: Short sword       |    69 |    77 |       |       ||   146
       Rapier            |       |    25 |   222 |   225 ||   472
Invok: Berserk           |     1 |     2 |     5 |     4 ||    12
       Trog's Hand       |       |       |       |     1 ||     1
  Use: Scroll            |       |     5 |     5 |     7 ||    17
       Potion            |       |       |       |     3 ||     3
 Stab: Sleeping          |     9 |    15 |    20 |    19 ||    63
       Distracted        |       |       |     1 |     2 ||     3
Armor: Animal skin       |     5 |       |       |       ||     5
       Ring mail         |       |    13 |       |       ||    13
       Troll leather arm |       |       |    17 |    12 ||    29
Dodge: Dodged            |    46 |    56 |   113 |    56 ||   271
Block: Other             |       |     8 |    30 |       ||    38
       Reflection        |       |       |     3 |     2 ||     5
       Buckler           |       |       |     3 |    91 ||    94

Table legend: (Time is in decaauts)
 A = Elapsed time spent in this place.
 B = Non-inter-level travel time spent in this place.
 C = Inter-level travel time spent in this place.
 D = Time resting spent in this place.
 E = Time spent auto-exploring this place.
 F = Levels seen in this place.
 G = Mean time per level.
                   A        B        C        D        E       F      G
               +--------+--------+--------+--------+--------+-----+--------+
         Total |   8908 |   8507 |    401 |      0 |   5969 |  11 |  809.8 |
       Dungeon |   8760 |   8359 |    401 |      0 |   5969 |  10 |  876.0 |
         Sewer |    147 |    147 |      0 |      0 |      0 |   1 |  147.0 |
               +--------+--------+--------+--------+--------+-----+--------+

Top non-repeatable levels by time:
     D:2: 1526 daAuts
     D:1: 1085 daAuts
     D:6: 1042 daAuts
     D:8: 880 daAuts
     D:3: 864 daAuts
     D:9: 849 daAuts
     D:5: 799 daAuts
     D:7: 760 daAuts
    D:10: 615 daAuts
     D:4: 336 daAuts
   Sewer: 147 daAuts
